 Dungeon Crawl Stone Soup version 0.24-a0-778-g74da537585 (webtiles) character file.

Game seed: 8031008566480800911, levelgen mode: deterministic

397 shackes77 the Ruffian (level 6, -4/53 HPs)
             Began as a Troll Wizard on Oct 7, 2019.
             Blown up by Ijyb (22 damage)
             ... with a disintegration bolt
             ... on level 3 of the Dungeon.
             The game lasted 00:09:10 (1499 turns).

shackes77 the Ruffian (Troll Wizard)                Turns: 1499, Time: 00:09:10

Health: -4/53      AC:  8    Str: 21    XL:     6   Next: 53%
Magic:  8/8        EV:  9    Int: 16    God:
Gold:   83         SH:  0    Dex:  8    Spells: 8/9 levels left

rFire    + . .     SeeInvis .     - Unarmed
rCold    . . .     Gourm    +   (no shield)
rNeg     . . .     Faith    .   o - +2 robe {rF+}
rPois    .         Spirit   .   b - +0 hat
rElec    .         Reflect  .   (no cloak)
rCorr    .         Harm     .   (gloves unavailable)
MR       .....                  (boots unavailable)
Stlth    +.........             (no amulet)
HPRegen  0.57/turn              (no ring)
MPRegen  0.11/turn              (no ring)

@: mighty
A: large, unfitting armour, claws 3, fast metabolism 3, gourmand, regeneration
1, shaggy fur 1, tough skin 3
a: no special abilities


You were on level 3 of the Dungeon.
You were completely stuffed.

You visited 1 branch of the dungeon, and saw 3 of its levels.

You collected 83 gold pieces.

Inventory:

Missiles
 f - 21 stones
 q - 3 boomerangs (quivered)
Armour
 b - a +0 hat (worn)
 o - a +2 robe of fire resistance (worn)
Jewellery
 m - an uncursed ring of protection from magic
Scrolls
 e - a scroll of immolation {unknown}
 g - a scroll of magic mapping {unknown}
 i - 2 scrolls of blinking {unknown}
 l - a scroll of noise {unknown}
 n - a scroll of identify {unknown}
 p - a scroll of teleportation {unknown}
Potions
 c - a potion of brilliance {unknown}
 h - a potion of agility {unknown}
 j - a potion of heal wounds {unknown}
Comestibles
 d - 10 rations
 k - 6 chunks of flesh


   Skills:
 - Level 1.5 Dodging
 - Level 1.0 Stealth
 + Level 6.7 Unarmed Combat
 - Level 2.0 Spellcasting
 - Level 0.6 Conjurations
   Level 0.6 Summonings
   Level 0.6 Translocations


You had 8 spell levels left.
You knew the following spells:

 Your Spells              Type           Power        Failure   Level  Hunger
a - Magic Dart            Conj           #...         16%         1    #......

Your spell library contained the following spells:

 Spells                   Type           Power        Failure   Level  Hunger
 Blink                    Tloc           N/A          24%         2    ###....
 Call Imp                 Summ           #.......     24%         2    ###....
 Slow                     Hex            #.......     30%         2    ###....
 Conjure Flame            Conj/Fire      #.......     50%         3    ###....
 Mephitic Cloud           Conj/Pois/Air  #.......     50%         3    ###....


Dungeon Overview and Level Annotations

Branches:
Dungeon (3/15)

Altars:
Ashenzari
Hepliaklqana
Sif Muna
Vehumet
Xom

Annotations:
D:3 Ijyb


Innate Abilities, Weirdness & Mutations

You are too large for most types of armour.
You have claws for hands.
Your metabolism is lightning-fast.
You like to eat raw meat.
Your natural rate of healing is unusually fast.
You are covered in fur. (AC +1)
You have extremely tough skin. (AC +3)


Message History

Found a dagger.
You see here a dagger.
Ijyb the Twisted Goblin comes into view.
She is wielding a +0 dagger and carrying a wand of disintegration (22).
Throwing (i - inventory. (/) - cycle)
q - 3 boomerangs (quivered)
Press: ? - help, Shift-Dir - straight line, f - Ijyb
Aim: Ijyb, wielding a +0 dagger, wearing a +0 leather armour and carrying a wand of disintegration (22) (hasn't noticed you)
You throw a boomerang. The boomerang closely misses Ijyb.
Ijyb is too close now for your liking.
Throwing (i - inventory. (/) - cycle)
q - 3 boomerangs (quivered)
Press: ? - help, Shift-Dir - straight line, f/p - Ijyb
Aim: Ijyb, wielding a +0 dagger, wearing a +0 leather armour and carrying a wand of disintegration (22)
You throw a boomerang. The boomerang hits Ijyb.
Ijyb is lightly wounded.
Ijyb zaps a wand.
You are blasted!
Ouch! That really hurt!
Ijyb zaps a wand.
You are blasted!
It was a potion of might.
You feel very mighty all of a sudden.
Ijyb zaps a wand.
You are blasted!
You die...

#.# ### #.# #.. #
#.# #.# # #.# #.#
#.# #.# #.# #.# #.#
#.# #@# ###)###
##.###.# #...).# ##
#......#####.###.#
.. ......g..).....#
#.# ##
###..#########.###.#
#. #.....# #
###.#.### #####
#)#.# ..## .[..#
#.#.. #.#


You could see Ijyb.

Vanquished Creatures
  Sigmund (D:2)
  A centaur (D:2)
  2 orc priests (D:3)
  5 adders (D:2)
  3 worms (D:2)
  3 orcs (D:3)
  A ball python (D:2)
  A giant cockroach (D:2)
  8 goblins
  6 hobgoblins
  6 bats
  3 frilled lizards
  3 kobolds
  8 rats
51 creatures vanquished.

Notes
Turn   | Place    | Note
-------+----------+-------------------------------------------
     0 | D:1      | shackes77 the Troll Wizard began the quest for the Orb.
     0 | D:1      | Reached XP level 1. HP: 16/16 MP: 2/2
   118 | D:1      | Reached skill level 1 in Unarmed Combat
   263 | D:1      | Reached XP level 2. HP: 24/24 MP: 4/4
   651 | D:2      | Found a hazy altar of Hepliaklqana.
   661 | D:2      | Reached skill level 2 in Unarmed Combat
   805 | D:2      | Reached XP level 3. HP: 19/31 MP: 5/5
   812 | D:2      | Noticed Sigmund
   845 | D:2      | Reached skill level 3 in Unarmed Combat
   988 | D:2      | Found a radiant altar of Vehumet.
   997 | D:2      | Found a shimmering blue altar of Sif Muna.
  1002 | D:2      | Found a shattered altar of Ashenzari.
  1002 | D:2      | Found a shimmering altar of Xom.
  1080 | D:2      | Noticed a centaur
  1086 | D:2      | Reached XP level 4. HP: 33/39 MP: 6/6
  1092 | D:2      | Killed a centaur
  1092 | D:2      | Reached skill level 4 in Unarmed Combat
  1092 | D:2      | Reached XP level 5. HP: 8/45 MP: 7/7
  1173 | D:2      | Reached skill level 5 in Unarmed Combat
  1263 | D:2      | Killed Sigmund
  1263 | D:2      | Reached skill level 6 in Unarmed Combat
  1263 | D:2      | Reached XP level 6. HP: 11/53 MP: 8/8
  1344 | D:3      | Noticed an orc warrior
  1493 | D:3      | Noticed Ijyb
  1499 | D:3      | Blown up by Ijyb

Levels and vault maps discovered:
D:1:      dpeg_arrival_round_c, layout_basic
D:2:      layout_rooms, grunt_temple_overflow_open, lemuel_altar_in_water2,
          uniq_sigmund
D:3:      layout_loops_ring, bloody_trog, first_ration, uniq_ijyb

Skill      XL: |  1  2  3  4  5 |
---------------+----------------+-----
Unarmed Combat | 1 2 3 4 6 |  6.7
Dodging        | |  1.5
Stealth        | |  1.0
Spellcasting   | |  2.0
Conjurations   | |  0.6
Summonings     | |  0.6
Translocations | |  0.6

Action                   |  1- 3 |  4- 6 || total
-------------------------+-------+-------++-------
Melee: Unarmed           |   100 |    57 ||   157
       Punch             |     1 |     2 ||     3
Throw: Stone             |    15 |     2 ||    17
       Boomerang         |       |     5 ||     5
  Use: Potion            |       |     1 ||     1
 Stab: Sleeping          |     1 |       ||     1
  Eat: Chunk             |    15 |     4 ||    19
Armor: Robe              |    57 |    16 ||    73
Dodge: Dodged            |    46 |    15 ||    61

Table legend:
 A = Non-vault XP
 B = Vault XP
 C = Vault XP percentage of total XP
 D = Non-vault monster count
 E = Vault monster count
 F = Vault count percentage of total count
                 A         B        C        D         E       F
            +---------+---------+-------+---------+---------+-------
      Total |     341 |     227 |  40.0 |      50 |       1 |   2.0
            +---------+---------+-------+---------+---------+-------
        D:1 |      17 |       0 |   0.0 |      10 |       0 |   0.0
        D:2 |     228 |     227 |  49.9 |      31 |       1 |   3.1
        D:3 |      96 |       0 |   0.0 |       9 |       0 |   0.0
            +---------+---------+-------+---------+---------+-------
